 Dungeon Crawl Stone Soup version 0.31-a0-133-gaae73658be (webtiles) character file.

Game seed: 15684697251291710543

158 Faragor the Magician (level 5, -1/28 HPs)
             Began as a Deep Elf Ice Elementalist on June 2, 2023.
             Slain by an orc
             ... wielding a +0 short sword
              (3 damage)
             ... on level 4 of the Dungeon.
             The game lasted 00:38:48 (5318 turns).

Faragor the Magician (Deep Elf Ice Elementalist)    Turns: 5318, Time: 00:38:48

Health: -1/28      AC:  2    Str:  5    XL:     5   Next: 16%
Magic:  22/24      EV: 13    Int: 22    God:
Gold:   119        SH:  0    Dex: 15    Spells: 14/15 levels left

rFire   . . .        r - +1 dagger (vamp)
rCold   . . .        (no shield)
rNeg    . . .        a - +0 robe
rPois   .            (no helmet)
rElec   .            (no cloak)
rCorr   .            (no gloves)
SInv    .            (no boots)
Will    .....        (no amulet)
Stlth   ++           z - ring of flight
HPRegen 0.24/turn    A - ring of magical power
MPRegen 0.19/turn

%: no passive effects
@: flying
A: no striking features
a: no special abilities


You were on level 4 of the Dungeon.
You visited 1 branch of the dungeon, and saw 5 of its levels.

You collected 119 gold pieces.

Inventory:

Hand Weapons
 c - a +0 dagger
 e - a +0 club
 g - a +0 dagger
 l - a +0 dagger
 q - a +0 dagger
 r - a +1 vampiric dagger (weapon)
 u - a +0 short sword of freezing
Missiles
 i - 2 poisoned darts
 o - 28 stones
Armour
 a - a +0 robe (worn)
 k - a +0 scale mail
Jewellery
 h - a +4 ring of slaying
 p - a ring of protection from cold
 x - a +6 ring of strength
 z - a ring of flight (left hand)
 A - a ring of magical power (right hand)
 C - a ring of fire
Scrolls
 n - a scroll of immolation
 s - 3 scrolls of identify
 t - a scroll of silence {unknown}
 v - a scroll of fear {unknown}
 y - a scroll of brand weapon {unknown}
 B - 2 scrolls of teleportation {unknown}
 D - a scroll of enchant weapon {unknown}
Potions
 b - a potion of magic
 d - 2 potions of ambrosia {unknown}
 f - 2 potions of heal wounds {unknown}
 j - a potion of enlightenment {unknown}
 m - a potion of degeneration {unknown}
 w - a potion of might {unknown}


   Skills:
 + Level 0.1 Short Blades
 + Level 2.8 Dodging
 + Level 3.4 Stealth
 + Level 5.5 Spellcasting
 - Level 5.3 Ice Magic


You had 14 spell levels left.
You knew the following spells:

 Your Spells              Type           Power      Damage    Failure   Level
a - Freeze                Ice            100%       1d10      1%          1

Your spell library contained the following spells:

 Spells                   Type           Power      Damage    Failure   Level
 Frozen Ramparts          Ice            58%        1d9       3%          3
 Ozocubu's Armour         Ice            29%        N/A       3%          3
 Stone Arrow              Conj/Erth      12%        3d7       28%         3
 Summon Ice Beast         Ice/Summ       17%        N/A       32%         4
 Animate Armour           Summ/Erth      12%        N/A       67%         4
 Lehudib's Crystal Spear  Conj/Erth      3%         10d2      100%        8


Dungeon Overview and Level Annotations

Branches:
Dungeon (5/15)
 Temple: D:4-7

Altars:
Kikubaaqudgha


Message History

You freeze the orc!
You kill the orc!
You see here a +0 whip.
Found 2 stones.
The orc priest shouts!
The orc priest looks encouraged for a moment.
The orc priest mumbles some strange prayers to Beogh against you.
Beogh smites you!
Ouch! That really hurt!
You hear a shout!
Casting: Freeze (safe; 1% risk of failure)
Confirm with . or Enter, or press ? or * to list all spells.
Aiming: Freeze (safe; 1% risk of failure)
Press: ? - help, Shift-Dir - straight line, f - orc priest
Aim: an orc priest, wielding a +1 dagger of speed You freeze the orc priest!
The orc priest is severely wounded.
The orc priest closely misses you.
Casting: Freeze (safe; 1% risk of failure)
Confirm with . or Enter, or press ? or * to list all spells.
Aiming: Freeze (safe; 1% risk of failure)
Press: ? - help, Shift-Dir - straight line, f/p - orc priest
Aim: an orc priest, wielding a +1 dagger of speed (severely wounded)
You freeze the orc priest.
The orc priest is almost dead.
The orc priest closely misses you.
The orc priest calls down the wrath of Beogh upon you.
Pain shoots through your body!
* * * LOW HITPOINT WARNING * * *
You hit the orc priest.
You kill the orc priest!
You have reached level 5!
You hit the orc.
You feel better.
The orc is moderately wounded.
The orc hits you with a +0 short sword.
* * * LOW HITPOINT WARNING * * *
You barely miss the orc.
The orc is moderately wounded.
The orc hits you with a +0 short sword.
You die...

####.......#
####...#######..##.
...........# #...............
...........#####
##.#.##########.
...........'...# #.#.#######
...........###.####.#.#.....#
..................#.#...###.#
...............##.#.#######.#
...............o....# #.....#
..............##@########.###
.##...........##.##.......#
(.............##..........#
..............##..........#
..............##..........#
......#.......##.........#
......#.......##.........#
#.........# #.........#


You could see an orc.

Vanquished Creatures
  An orc priest (D:4)
  A hound (D:3)
  2 adders (D:4)
  An ufetubus (D:4)
  2 worms (D:2)
  5 dart slugs
  2 orcs
  3 endoplasms
  A giant cockroach (D:2)
  5 goblins
  8 hobgoblins
  A jackal (D:4)
  2 quokkas (D:1)
  3 ball pythons
  6 bats
  4 frilled lizards
  8 kobolds
  5 rats
60 creatures vanquished.

Notes
Turn   | Place    | Note
-------+----------+-------------------------------------------
     0 | D:1      | Faragor the Deep Elf Ice Elementalist began the quest for
                  | the Orb.
     0 | D:1      | Reached XP level 1. HP: 10/10 MP: 6/6
   819 | D:1      | Reached XP level 2. HP: 15/15 MP: 5/8
  2095 | D:2      | Noticed an ogre
  2326 | D:2      | Reached XP level 3. HP: 19/19 MP: 8/10
  2976 | D:2      | Reached skill level 5 in Ice Magic
  3878 | D:3      | Reached XP level 4. HP: 19/24 MP: 8/12
  4777 | D:4      | Reached skill level 5 in Spellcasting
  4945 | D:4      | Found an ancient bone altar of Kikubaaqudgha.
  5230 | D:5      | Entered Level 5 of the Dungeon
  5230 | D:5      | Noticed a scorpion
  5317 | D:4      | Reached XP level 5. HP: 2/28 MP: 15/15
  5317 | D:4      | HP: 1/28 [orc/+0 short sword (2)]
  5318 | D:4      | Slain by an orc

Illustrated notes

Levels and vault maps discovered:
D:1:      sevenhm_arrival_forest_fort_large_2, layout_rooms,
          grunt_decor_resistance, nicolae_titane
D:2:      layout_rooms, minmay_misc_feat_pillars
D:3:      layout_basic
D:4:      layout_basic, kiku_gazebo_garden_becter
D:5:      layout_rooms, minmay_temple_entry_mini_moons, grunt_ministairs_14,
          amethyst_killhole

Skill      XL: |  1  2  3  4 |
---------------+-------------+-----
Stealth        | 3 |  3.4
Spellcasting   | 4 5 |  5.5
Ice Magic      | 5 |  5.3
Short Blades   | |  0.1
Dodging        | |  2.8

Action                     |  1- 3 |  4- 6 || total
---------------------------+-------+-------++-------
  Melee: Dagger            |     5 |     3 ||     8
   Cast: Freeze            |    77 |    27 ||   104
    Use: Scroll            |       |     1 ||     1
 Armour: Robe              |     8 |     7 ||    15
  Dodge: Dodged            |    38 |    15 ||    53

Table legend: (Time is in decaauts)
 A = Elapsed time spent in this place.
 B = Non-inter-level travel time spent in this place.
 C = Inter-level travel time spent in this place.
 D = Time resting spent in this place.
 E = Time spent auto-exploring this place.
 F = Levels seen in this place.
 G = Mean time per level.
                   A        B        C        D        E       F      G
               +--------+--------+--------+--------+--------+-----+--------+
         Total |   5313 |   5308 |      5 |   3340 |      0 |   5 | 1062.6 |
       Dungeon |   5313 |   5308 |      5 |   3340 |      0 |   5 | 1062.6 |
               +--------+--------+--------+--------+--------+-----+--------+

Top non-repeatable levels by time:
     D:1: 2063 daAuts
     D:2: 1689 daAuts
     D:4: 1114 daAuts
     D:3: 444 daAuts
     D:5: 1 daAuts
